 Dungeon Crawl Stone Soup version 0.31.0-32-g396128a36d (webtiles) character file.

Game seed: 8043022201444582122

56 mainiacjoe the Ruffian (level 3, -2/29 HPs)
             Began as a Draconian Shapeshifter on Mar 30, 2024.
             Killed from afar by an orc wizard (9 damage)
             ... with a puff of flame
             ... on level 3 of the Dungeon.
             The game lasted 00:02:23 (1713 turns).

mainiacjoe the Ruffian (Draconian Shapeshifter)     Turns: 1713, Time: 00:02:24

Health: -2/29      AC:  5    Str: 16    XL:     3   Next: 71%
Magic:  3/3        EV: 12    Int: 10    God:
Gold:   109        SH:  0    Dex: 12    Spells: 2/2 levels left

rFire   . .          .
                       - Unarmed
rCold   . . .        (no shield)
rNeg    . . .        (body armour unavailable)
rPois   .            (helmet currently unavailable)
rElec   .            (cloak currently unavailable)
rCorr   .            (gloves currently unavailable)
SInv    .            (boots currently unavailable)
Will    .....        (no amulet)
Stlth   +            (no ring)
HPRegen 0.24/turn    (no ring)
MPRegen 0.08/turn

%: no passive effects
@: beast-form
A: beast (slay +1), AC +5, unfitting armour, cold-blooded
a: Begin Untransformation


You were on level 3 of the Dungeon.
You were a hulking beast.
You visited 1 branch of the dungeon, and saw 3 of its levels.

You collected 109 gold pieces.

Inventory:

Missiles
 h - 21 stones
 l - 3 poisoned darts
Armour
 d - a +0 cloak
 k - a +0 pair of gloves
Jewellery
 g - an amulet of faith
Talismans
 b - a beast talisman
 c - a flux talisman
Scrolls
 f - 2 scrolls of poison
 i - a scroll of teleportation
 j - a scroll of identify
Potions
 a - a potion of lignification
 e - 2 potions of heal wounds


   Skills:
 + Level 2.2 Fighting
 + Level 2.3 Dodging
 + Level 3.5 Unarmed Combat
 + Level 3.4 Shapeshifting


You had 2 spell levels left.
You didn't know any spells.
Your spell library contained the following spells:

 Spells                   Type           Power      Damage    Failure   Level
 Apportation              Tloc           0%         N/A       36%         1
 Necrotise                Necr           0%         1d4       36%         1
 Sting                    Conj/Alch      0%         1d3       36%         1
 Summon Small Mammal      Summ           0%         N/A       36%         1


Dungeon Overview and Level Annotations

Branches:
Dungeon (3/15)

Altars:


Innate Abilities, Weirdness & Mutations

You are a hulking beast.
Your limbs bulge with bestial killing power. (Slay +1)
Your plain brown scales are hard. (AC +5)
You cannot fit into any form of body armour.
You are cold-blooded and may be slowed by cold attacks.


Message History

The orc wizard shouts!
The orc shouts!
An orc comes into view. It is wielding a +0 dagger.
You hit the orc. You tail-slap the orc.
You kill the orc!
You hit the orc wizard.
The orc wizard is lightly wounded.
The orc wizard misses you.
An orc priest comes into view. It is wielding a +0 short sword.
An orc comes into view. It is wielding a +0 dagger.
The orc wizard hits you but does no damage.
The orc shouts!
The orc priest shouts!
You hit the orc wizard.
The orc wizard is moderately wounded.
The orc priest calls upon Beogh to heal the orc wizard.
The orc wizard's wounds heal themselves!
The orc hits you but does no damage.
The orc wizard hits you but does no damage.
You hit the orc wizard.
Your tail-slap misses the orc wizard.
The orc wizard is lightly wounded.
The orc hits you with a +0 dagger.
You closely miss the orc. You tail-slap the orc.
The orc is heavily wounded.
The orc wizard hits you with a +1 dagger of speed.
The orc barely misses you. The orc hits you with a +0 dagger.
You punch the orc!
You kill the orc!
The orc wizard gestures at you while chanting.
The puff of flame hits you. The orc hits you with a +0 dagger.
You closely miss the orc wizard. You tail-slap the orc wizard.
The orc wizard is lightly wounded.
The orc wizard hits you but does no damage.
The orc hits you but does no damage. The orc wizard casts a spell at you.
The puff of flame hits you!
* * * LOW HITPOINT WARNING * * *
The orc barely misses you.
An adder comes into view.
The orc wizard gestures at you while chanting.
The puff of flame hits you!
You die...

#. .. #. .####
... .. ....#
S... ...# #....
..####
#..##...#
.....##.......#
#....oo#...##
#..<..o.....#
#.###h#.....#
#. #.# ..... ..
... ..## ..
##... .# ..
#.... # .
#..... #......
#......#


You could see an orc wizard, an adder (wandering) and 2 orcs.

Vanquished Creatures
  An adder (D:2)
  A ribbon worm (D:2)
  3 dart slugs (D:2)
  2 orcs (D:3)
  3 endoplasms
  2 giant cockroaches (D:2)
  3 goblins
  2 hobgoblins
  4 kobolds
  2 quokkas (D:1)
  3 ball pythons
  3 bats (D:1)
  5 rats
34 creatures vanquished.

Notes
Turn   | Place    | Note
-------+----------+-------------------------------------------
     0 | D:1      | mainiacjoe the Draconian Shapeshifter began the quest for
                  | the Orb.
     0 | D:1      | Reached XP level 1. HP: 16/16 MP: 1/1
   237 | D:1      | Reached XP level 2. HP: 23/23 MP: 2/2
   847 | D:2      | Identified the +0 helmet "Awav" {rF+ Regen+}
  1235 | D:2      | Reached XP level 3. HP: 23/29 MP: 3/3
  1420 | D:2      | Found a faded altar of an unknown god.
  1713 | D:3      | Killed from afar by an orc wizard

Illustrated notes

Levels and vault maps discovered:
D:1:      lightli_iron_boxes, layout_loops_cross
D:2:      layout_loops_ring, hellmonk_ecumenical_altar_run_dry
D:3:      layout_rooms, nicolae_overflow_hidden_temple,
          nicolae_overflow_ecumenical_swirl, mainiacjoe_overflow_tiny_flanked

Skill      XL: |  1  2  3 |
---------------+----------+-----
Dodging        | 2 |  2.3
Fighting       | 2 |  2.2
Unarmed Combat | |  3.5
Shapeshifting  | |  3.4

Action                     || total
---------------------------++-------
  Melee: Unarmed           ||    91
         Tailslap          ||    12
         Punch             ||     2
  Throw: Stone             ||     5
    Use: Scroll            ||     6
 Armour: Skin              ||    64
  Dodge: Dodged            ||    54
